 Dungeon Crawl Stone Soup version 0.20.1-1-g8b1a95d (webtiles) character file.

73 bigticket75 the Skirmisher (level 4, 0/42 HPs)
             Began as a Minotaur Abyssal Knight on Dec 1, 2017.
             Was a Follower of Lugonu.
             Slain by Natasha (4 damage)
             ... on level 3 of the Dungeon on Dec 2, 2017.
             The game lasted 00:12:51 (1617 turns).

bigticket75 the Skirmisher (MiAK)                   Turns: 1617, Time: 00:12:54

Health: 0/42       AC:  5    Str: 17    XL:     4   Next: 8%
Magic:  4/5        EV: 11    Int:  9    God:    Lugonu [*.....]
Gold:   61         SH:  0    Dex: 10    Spells: 3/3 levels left

rFire    . . .     SeeInvis .   a - +1 spear
rCold    . . .     Gourm    .   (no shield)
rNeg     . . .     Faith    .   p - +0 ring mail
rPois    .         Spirit   .   (helmet restricted)
rElec    +         Reflect  .   (no cloak)
rCorr    .         Harm     .   (no gloves)
MR       .....                  (no boots)
Stlth    ..........             (no amulet)
Regen    0.2/turn               (no ring)
MPRegen  0.1/turn               (no ring)

@: slowed, very slow
A: retaliatory headbutt, horns 2, high mp 1, electricity resistance, wild magic
1
a: Depart the Abyss, Renounce Religion


You were on level 3 of the Dungeon.
You worshipped Lugonu.
Lugonu was aware of your devotion.
You were not hungry.

You visited 1 branch of the dungeon, and saw 3 of its levels.
You visited the Abyss 1 time.

You collected 61 gold pieces.

Inventory:

Hand Weapons
 a - a +1 spear (weapon)
 j - a +0 short sword
 n - a +0 dagger
 u - a cursed -2 short sword
Missiles
 g - 36 arrows
Armour
 b - a +0 leather armour
 p - a +0 ring mail (worn)
Wands
 o - a wand of confusion (9/48)
Scrolls
 h - 3 scrolls of remove curse
 i - 2 scrolls of magic mapping {unknown}
 s - a scroll of fog {unknown}
Potions
 f - a potion of agility {unknown}
 k - a potion of curing {unknown}
 l - 2 potions of might {unknown}
 m - 2 potions of haste {unknown}
 q - a potion of invisibility {unknown}
 t - a potion of heal wounds {unknown}
Comestibles
 c - 2 bread rations
 d - a meat ration
 r - 3 chunks of flesh


   Skills:
 + Level 5.0 Fighting
 + Level 2.9 Polearms
 + Level 2.9 Armour
 + Level 1.8 Dodging
 - Level 0.1 Stealth
 - Level 2.0 Invocations


You had 3 spell levels left.
You didn't know any spells.

Dungeon Overview and Level Annotations

Branches:
Dungeon (3/15)

Altars:
Ru

Annotations:
D:3 Natasha


Innate Abilities, Weirdness & Mutations

You reflexively headbutt those who attack you in melee.
You have a pair of horns on your head.
You have an increased reservoir of magic. (+10% MP)
You are resistant to electric shocks. (rElec)
Your spells are a little harder to cast, but a little more powerful.


Message History

You feel insulated. Natasha claws you!
You closely miss Natasha.
Natasha is severely wounded.
Natasha claws you.
* * * LOW HITPOINT WARNING * * *
You closely miss Natasha.
Natasha is severely wounded.
Natasha completely misses you.
You barely miss Natasha.
Natasha is severely wounded.
Natasha stares at you and mumbles some strange words.
You feel yourself slow down.
You barely miss Natasha.
Natasha is severely wounded.
Natasha claws you.
* * * LOW HITPOINT WARNING * * *
Natasha mewls in sadness.
Natasha claws you.
You die...

#.. #.. .# #.. .# #.#
#'## #.# ##...## #.###
##.....## #.#.##
##.......##
######....####.........#
.............'..@h.....'
#####.....####.........#
#.##.## ##.......##
#.#### ##.....## #.#
##...## #.# #+## #.# #.#


You could see Natasha.

Vanquished Creatures
  Ijyb (D:3)
  An adder (D:2)
  A worm (D:3)
  A dart slug (D:3)
  2 leopard geckos (D:1)
  3 bats
  5 giant cockroaches
  4 goblins
  5 hobgoblins
  3 frilled lizards
  2 kobolds
  4 rats
32 creatures vanquished.

Notes
Turn   | Place    | Note
-------+----------+-------------------------------------------
     0 | Abyss:1  | bigticket75 the Minotaur Abyssal Knight began the quest for the Orb.
     0 | Abyss:1  | Reached XP level 1. HP: 19/19 MP: 1/1
   100 | D:1      | Escaped the Abyss
   208 | D:1      | Reached skill level 4 in Fighting
   388 | D:1      | Reached * piety under Lugonu
   388 | D:1      | Reached XP level 2. HP: 26/27 MP: 2/2
   698 | D:2      | Found a sacrificial altar of Ru.
   751 | D:2      | Reached XP level 3. HP: 28/34 MP: 3/3
   958 | D:3      | Noticed Ijyb
  1019 | D:3      | Killed Ijyb
  1444 | D:3      | Reached XP level 4. HP: 33/41 MP: 4/4
  1538 | D:3      | Reached skill level 5 in Fighting
  1603 | D:3      | Noticed Natasha
  1613 | D:3      | Gained mutation: You have an increased reservoir of magic. (+10% MP) [potion of mutation]
  1613 | D:3      | Gained mutation: Your spells are a little harder to cast, but a little more powerful. [potion of mutation]
  1613 | D:3      | Gained mutation: You are resistant to electric shocks. (rElec) [potion of mutation]
  1617 | D:3      | Slain by Natasha

Skill      XL: |  1  2  3  4 |
---------------+-------------+-----
Fighting       | 4 5 |  5.0
Invocations    | 2 |  2.0
Polearms       | |  2.9
Armour         | |  2.9
Dodging        | |  1.8
Stealth        | |  0.1

Action                   |  1- 3 |  4- 6 || total
-------------------------+-------+-------++-------
Melee: Spear             |    84 |    13 ||    97
       Headbutt          |    11 |     4 ||    15
Invok: Depart the Abyss  |     1 |       ||     1
  Use: Scroll            |     1 |       ||     1
       Potion            |       |     1 ||     1
  Eat: Bread ration      |     1 |       ||     1
Armor: Leather armour    |    15 |       ||    15
       Ring mail         |     5 |     3 ||     8
Dodge: Dodged            |    49 |     7 ||    56
